 Dungeon Crawl Stone Soup version 0.23.2-1-ga50397a (webtiles) character file.

Game seed: 5144960157368596568

111 IBeShadow the Charmwright (level 4, -3/38 HPs)
             Began as a Gnoll Skald on May 28, 2019.
             Killed by divine providence
             ... invoked by an orc priest
              (13 damage)
             ... on level 3 of the Dungeon.
             The game lasted 00:03:16 (3100 turns).

IBeShadow the Charmwright (Gnoll Skald)             Turns: 3100, Time: 00:03:17

Health: -3/38      AC:  7    Str: 14    XL:     4   Next: 92%
Magic:  11/11      EV: 13    Int: 21    God:
Gold:   138        SH:  0    Dex: 14    Spells: 12/13 levels left

rFire    . . .     SeeInvis .   a - +0 spear
rCold    . . .     Gourm    .   (no shield)
rNeg     . . .     Faith    .   e - +0 ring mail
rPois    .         Spirit   .   (no helmet)
rElec    .         Reflect  .   h - +0 cloak
rCorr    .         Harm     .   k - +0 pair of gloves
MR       .....                  (no boots)
Stlth    +.........             (no amulet)
HPRegen  0.12/turn              (no ring)
MPRegen  0.12/turn              (no ring)

@: brilliant
A: distributed training, fangs 1, strong nose
a: no special abilities


You were on level 3 of the Dungeon.
You were not hungry.

You visited 1 branch of the dungeon, and saw 3 of its levels.

You collected 138 gold pieces.

Inventory:

Hand Weapons
 a - a +0 spear (weapon)
 t - a +0 arbalest
Missiles
 q - 33 arrows
Armour
 b - a +0 leather armour
 e - a +0 ring mail (worn)
 h - a +0 cloak (worn)
 k - a +0 pair of gloves (worn)
Jewellery
 p - an uncursed amulet of guardian spirit {unknown}
Scrolls
 c - a scroll of fog {unknown}
 g - 3 scrolls of amnesia {unknown}
 i - 2 scrolls of immolation {unknown}
 j - a scroll of noise {unknown}
 m - 2 scrolls of identify {unknown}
 n - a scroll of remove curse {unknown}
 o - 2 scrolls of enchant weapon {unknown}
Potions
 f - 2 potions of brilliance
 r - a potion of cancellation {unknown}
 s - a potion of might {unknown}
Comestibles
 d - 3 rations
 l - 2 chunks of flesh


   Skills:
 + Level 4.7 Fighting
 + Level 1.2 Short Blades
 + Level 1.2 Long Blades
 + Level 1.2 Axes
 + Level 1.2 Maces & Flails
 + Level 4.7 Polearms
 + Level 1.2 Staves
 + Level 1.2 Slings
 + Level 1.2 Bows
 + Level 1.2 Crossbows
 + Level 1.2 Throwing
 + Level 2.8 Armour
 + Level 4.7 Dodging
 + Level 1.2 Stealth
 + Level 1.2 Shields
 + Level 1.2 Unarmed Combat
 + Level 5.1 Spellcasting
 + Level 1.0 Conjurations
 + Level 1.0 Hexes
 + Level 5.5 Charms
 + Level 1.0 Summonings
 + Level 1.0 Necromancy
 + Level 1.0 Translocations
 + Level 1.0 Transmutations
 + Level 1.0 Fire Magic
 + Level 1.0 Ice Magic
 + Level 1.0 Air Magic
 + Level 1.0 Earth Magic
 + Level 1.0 Poison Magic
 + Level 1.4 Invocations
 + Level 1.2 Evocations


You had 12 spell levels left.
You knew the following spells:

 Your Spells              Type           Power        Failure   Level  Hunger
a - Infusion              Chrm           ####         1%          1    None

Your spell library contained the following spells:

 Spells                   Type           Power        Failure   Level  Hunger
 Shroud of Golubria       Chrm/Tloc      ####......   1%          2    None
 Song of Slaying          Chrm           #####...     1%          2    None
 Regeneration             Chrm/Necr      ####......   2%          3    ##.....
 Spectral Weapon          Hex/Chrm       ####....     2%          3    ##.....


Dungeon Overview and Level Annotations

Branches:
Dungeon (3/15)

Altars:
Elyvilon
Hepliaklqana
Qazlal


Innate Abilities, Weirdness & Mutations

Your experience applies equally to all skills.
You have very sharp teeth.
Your uncanny sense of smell can sniff out nearby items.


Message History

You are too injured to fight recklessly!
You are too injured to fight recklessly!
You are too injured to fight recklessly!
You are too injured to fight recklessly!
You are too injured to fight recklessly!
Unknown command.
It was a potion of brilliance.
You feel clever all of a sudden.
The orc priest begins to cast a cantrip, but forgets the words!
The orc wizard casts a spell.
The orc wizard flickers and vanishes!
Deactivating autopickup; reactivate with Ctrl-A.
Something tries to affect you, but you resist.
The orc priest begins to cast a cantrip, but forgets the words!
A puff of flame appears from out of thin air!
The puff of flame hits you!
* * * LOW HITPOINT WARNING * * *
The orc priest invokes the aid of Beogh against you.
Beogh smites you!
You die...

##............#..##.# #...# #
#............#..##.####.#.### #
##..###....###..##......#...####
##.÷÷......# #..##.##.#####.....
##...#.#....#
#..##.##<..#...####
#......##.#.###..##.####.#.### #
........#.#.........# #...# #
#................##.# ##.## #
#.......oo.o....@...# #.# #
#.#.##..#.########..# #.# #
#.#.....#...........# #.# #
#####.#.#######...#####.#
#######o#.# #.........#
o.o.o.o...# #...#######
#######.### ##### ∆ ..# ###


You could see an orc priest and an orc.

Vanquished Creatures
  3 adders
  2 worms
  3 leopard geckos
  An orc (D:3)
  2 ball pythons
  6 giant cockroaches
  9 hobgoblins
  A jackal (D:2)
  4 quokkas
  10 bats
  4 frilled lizards
  4 goblins
  10 kobolds
  10 rats
69 creatures vanquished.

Notes
Turn   | Place    | Note
-------+----------+-------------------------------------------
     0 | D:1      | IBeShadow the Gnoll Skald began the quest for the Orb.
     0 | D:1      | Reached XP level 1. HP: 20/20 MP: 6/6
   380 | D:1      | Reached XP level 2. HP: 21/26 MP: 7/7
   908 | D:1      | Reached XP level 3. HP: 31/31 MP: 9/9
   979 | D:1      | Reached skill level 5 in Spellcasting
  1204 | D:2      | Reached skill level 1 in Invocations
  1758 | D:2      | Reached skill level 1 in Short Blades
  1758 | D:2      | Reached skill level 1 in Long Blades
  1758 | D:2      | Reached skill level 1 in Axes
  1758 | D:2      | Reached skill level 1 in Maces & Flails
  1758 | D:2      | Reached skill level 1 in Staves
  1758 | D:2      | Reached skill level 1 in Slings
  1758 | D:2      | Reached skill level 1 in Bows
  1758 | D:2      | Reached skill level 1 in Crossbows
  1758 | D:2      | Reached skill level 1 in Throwing
  1758 | D:2      | Reached skill level 1 in Stealth
  1758 | D:2      | Reached skill level 1 in Shields
  1758 | D:2      | Reached skill level 1 in Unarmed Combat
  1758 | D:2      | Reached skill level 1 in Evocations
  1809 | D:2      | Reached XP level 4. HP: 23/38 MP: 11/11
  2705 | D:3      | Reached skill level 1 in Conjurations
  2705 | D:3      | Reached skill level 1 in Hexes
  2705 | D:3      | Reached skill level 1 in Summonings
  2705 | D:3      | Reached skill level 1 in Necromancy
  2705 | D:3      | Reached skill level 1 in Translocations
  2705 | D:3      | Reached skill level 1 in Transmutations
  2705 | D:3      | Reached skill level 1 in Fire Magic
  2705 | D:3      | Reached skill level 1 in Ice Magic
  2705 | D:3      | Reached skill level 1 in Air Magic
  2705 | D:3      | Reached skill level 1 in Earth Magic
  2705 | D:3      | Reached skill level 1 in Poison Magic
  2739 | D:3      | Found a hazy altar of Hepliaklqana.
  2778 | D:3      | Found a stormy altar of Qazlal.
  2830 | D:3      | Found a white marble altar of Elyvilon.
  3100 | D:3      | Killed from afar by an orc priest

Skill      XL: |  1  2  3  4 |
---------------+-------------+-----
Spellcasting   | 5 |  5.1
Invocations    | 1 |  1.4
Short Blades   | 1 |  1.2
Long Blades    | 1 |  1.2
Axes           | 1 |  1.2
Maces & Flails | 1 |  1.2
Staves         | 1 |  1.2
Slings         | 1 |  1.2
Bows           | 1 |  1.2
Crossbows      | 1 |  1.2
Throwing       | 1 |  1.2
Stealth        | 1 |  1.2
Shields        | 1 |  1.2
Unarmed Combat | 1 |  1.2
Evocations     | 1 |  1.2
Conjurations   | 1 |  1.0
Hexes          | 1 |  1.0
Summonings     | 1 |  1.0
Necromancy     | 1 |  1.0
Translocations | 1 |  1.0
Transmutations | 1 |  1.0
Fire Magic     | 1 |  1.0
Ice Magic      | 1 |  1.0
Air Magic      | 1 |  1.0
Earth Magic    | 1 |  1.0
Poison Magic   | 1 |  1.0
Fighting       | |  4.7
Polearms       | |  4.7
Armour         | |  2.8
Dodging        | |  4.7
Charms         | |  5.5

Action                   |  1- 3 |  4- 6 || total
-------------------------+-------+-------++-------
Melee: Spear             |   191 |   124 ||   315
       Bite              |    15 |    12 ||    27
       Punch             |     1 |       ||     1
  Use: Potion            |       |     1 ||     1
 Stab: Sleeping          |     1 |       ||     1
  Eat: Chunk             |     3 |     4 ||     7
Armor: Leather armour    |     1 |       ||     1
       Ring mail         |    39 |    15 ||    54
Dodge: Dodged            |    81 |    64 ||   145
